 Dungeon Crawl Stone Soup version 0.22-a0-558-gc224181 (webtiles) character file.

64 MothsLongingForFire the Sneak (level 3, -4/16 HPs)
             Began as a Spriggan Enchanter on June 28, 2018.
             Killed from afar by an orc wizard (11 damage)
             ... with a puff of flame
             ... on level 2 of the Dungeon.
             The game lasted 00:07:37 (2860 turns).

MothsLongingForFire the Sneak (Spriggan Enchanter)  Turns: 2860, Time: 00:07:38

Health: -4/16      AC:  2    Str:  4    XL:     3   Next: 91%
Magic:  2/8        EV: 18    Int: 16    God:
Gold:   80         SH:  0    Dex: 17    Spells: 4/7 levels left

rFire    . . .     SeeInvis +   a - +1 dagger
rCold    . . .     Gourm    +   (shield restricted)
rNeg     . . .     Faith    .   b - +0 robe
rPois    .         Spirit   .   (helmet restricted)
rElec    .         Reflect  .   (no cloak)
rCorr    .         Harm     .   (gloves unavailable)
MR       .....                  (boots unavailable)
Stlth    ++++......             g - amulet of the gourmand
HPRegen  0.05/turn              (no ring)
MPRegen  0.11/turn              (no ring)

@: very quick
A: very small, unfitting armour, see invisible, herbivore, speed 3, slow
metabolism 2
a: no special abilities


You were on level 2 of the Dungeon.
You were not hungry.

You visited 1 branch of the dungeon, and saw 3 of its levels.

You collected 80 gold pieces.


Innate Abilities, Weirdness & Mutations

You are very small and have problems with some larger weapons.
You are too small for most types of armour.
You have supernaturally acute eyesight. (SInv)
You are a herbivore.
You cover ground extremely quickly.
You need to consume almost no food.


   Skills:
 - Level 1.1 Short Blades
 - Level 3.0 Dodging
 + Level 7.3 Stealth
 + Level 2.9 Spellcasting
 - Level 3.6 Hexes


You had 4 spell levels left.
You knew the following spells:

 Your Spells              Type           Power        Failure   Level  Hunger
x - Ensorcelled Hibernat  Hex/Ice        #.....       14%         2    ##.....
z - Corona                Hex            ##.....      4%          1    #......

Your spell library contained the following spells:

 Spells                   Type           Power        Failure   Level  Hunger
 Confuse                  Hex            ##......     13%         3    ###....
 Tukima's Dance           Hex            ##......     13%         3    ###....
 Dazzling Spray           Conj/Hex       #.....       26%         3    ###....

Inventory:

Hand Weapons
 a - a +1 dagger (weapon)
Armour
 b - a +0 robe (worn)
Jewellery
 g - an amulet of the gourmand (around neck)
Scrolls
 c - 2 scrolls of identify {unknown}
 f - a scroll of teleportation {unknown}
 h - a scroll of amnesia {unknown}
 i - a scroll of magic mapping {unknown}
Potions
 e - a potion of degeneration {unknown}
 j - a potion of mutation {unknown}
Comestibles
 d - 4 rations {@e1}

Dungeon Overview and Level Annotations

Branches:
Dungeon (3/15)

Altars:

Annotations:
D:2 pack of gnolls

#.................#.#.#
#.########.######.#.#.#
#.# #.# #.#.#.# #># #.#
#.#.#.# #.# #o# #...#.#
#.# #.# #####.# #.# #.#
#.# #######.#
#.##########.#
.......<#
#.@..........#
#########
##############


You could see an orc wizard.


Message History

You miscast Ensorcelled Hibernation.
You are very lightly contaminated with residual magic.
Nothing appears to happen.
The orc wizard points at you and mumbles some strange words.
The puff of frost misses you. The orc wizard casts a spell at you.
The magic dart hits you!
The orc wizard gestures at you while chanting.
The puff of frost misses you.
The orc wizard looks braver for a moment.
There is a stone staircase leading down here.
You start resting.
Your magical contamination has completely faded away.
The orc wizard is too close now for your liking.
Casting: Ensorcelled Hibernation (safe; 14% risk of failure)
Confirm with . or Enter, or press ? or * to list all spells.
Aiming: Ensorcelled Hibernation (safe; 14% risk of failure)
Press: ? - help, Shift-Dir - straight line, f/p - orc wizard
Aim: an orc wizard, wielding a dagger and wearing a robe (fast, chance to defeat MR: 39%)
The orc wizard resists with some effort.
You closely miss the orc wizard.
The orc wizard looks satisfied for a moment.
You hit the orc wizard but do no damage.
The orc wizard hits you with a dagger.
* * * LOW HITPOINT WARNING * * *
The orc wizard barely misses you.
The orc wizard gestures at you while chanting.
The puff of flame hits you!
Ouch! That really hurt!
You die...

Skill      XL: |  1  2  3 |
---------------+----------+-----
Stealth        | 5 6 7 |  7.3
Short Blades   | |  1.1
Dodging        | |  3.0
Spellcasting   | |  2.9
Hexes          | |  3.6

Action                   || total
-------------------------++-------
Melee: Dagger            ||    75
 Cast: Corona            ||     4
       Ensorcelled Hiber ||    42
 Stab: Sleeping          ||    32
  Eat: Ration            ||     1
Armor: Robe              ||    14
Dodge: Dodged            ||    99

Vault maps used:
D:1:      sevenhm_arrival_forest_fort_large_2, minmay_cupped
D:2:      uniq_natasha
D:3:      gammafunk_temple_overflow_forgotten, kennysheep_okawaru_gauntlet

Notes
Turn   | Place    | Note
-------+----------+-------------------------------------------
     0 | D:1      | MothsLongingForFire the Spriggan Enchanter began the quest for the Orb.
     0 | D:1      | Reached XP level 1. HP: 9/9 MP: 5/5
   119 | D:1      | Reached skill level 5 in Stealth
   260 | D:1      | Reached XP level 2. HP: 8/13 MP: 3/6
   264 | D:1      | Learned a level 2 spell: Ensorcelled Hibernation
   671 | D:1      | Reached skill level 6 in Stealth
  1011 | D:1      | Reached XP level 3. HP: 16/16 MP: 5/8
  1728 | D:2      | Reached skill level 7 in Stealth
  2860 | D:2      | Killed from afar by an orc wizard

Vanquished Creatures
  An adder (D:2)
  An ooze (D:2)
  A worm (D:2)
  2 dart slugs
  A leopard gecko (D:2)
  2 ball pythons (D:1)
  7 bats
  A giant cockroach (D:1)
  9 hobgoblins
  6 kobolds
  3 frilled lizards
  3 goblins (D:1)
  3 rats
40 creatures vanquished.

Table legend:
 A = Turns spent in this place as a percentage of turns spent in the entire game.
 B = Non-inter-level travel turns spent in this place as a percentage of non-inter-level travel turns spent in the entire game.
 C = Inter-level travel turns spent in this place as a percentage of turns spent in this place.
 D = Turns resting spent in this place as a percentage of non-inter-level travel turns spent in this place.
 E = Turns spent auto-exploring this place as a percentage of non-inter-level travel turns spent in this place.
 F = Non-inter-level travel turns spent in this place divided by the number of levels of this place that you've seen.
                   A       B       C       D       E      F
               +-------+-------+-------+-------+-------+----------------------
         Total | 100.0 | 100.0 |   2.7 |  46.0 |  32.9 | 927.3
       Dungeon | 100.0 | 100.0 |   2.7 |  46.0 |  32.9 | 927.3
               +-------+-------+-------+-------+-------+----------------------

Table legend:
 A = Spawn XP
 B = Non-spawn XP
 C = Spawn XP percentage of total XP
 D = Spawn monster count
 E = Non-spawn monster count
 F = Spawn count percentage of total count
 G = Total turns spent on level
                    A         B        C        D         E        F      G
               +---------+---------+-------+---------+---------+-------+---------
         Total |       0 |      92 |   0.0 |       0 |      40 |   0.0 |  2860
               +---------+---------+-------+---------+---------+-------+---------
           D:1 |       0 |      44 |   0.0 |       0 |      26 |   0.0 |  1310
           D:2 |       0 |      48 |   0.0 |       0 |      14 |   0.0 |  1548
               +---------+---------+-------+---------+---------+-------+---------
